 Dungeon Crawl Stone Soup version 0.31-a0-229-g1fc7ce93e2 (webtiles) character file.

Game seed: 10921224925141645175

212 qw the Shooter (level 5, -4/32 HPs)
             Began as a Gargoyle Hexslinger on July 6, 2023.
             Slain by a worm (8 damage)
             ... on level 3 of the Dungeon.
             The game lasted 00:00:49 (2180 turns).

qw the Shooter (Gargoyle Hexslinger)                Turns: 2180, Time: 00:00:49

Health: -4/32      AC: 14    Str: 12    XL:     5   Next: 89%
Magic:  6/6        EV: 10    Int: 13    God:
Gold:   149        SH:  5    Dex: 14    Spells: 5/6 levels left

rFire   . . .        Y - +1 sling
rCold   + . .        (no shield)
rNeg    + . .        k - quicksilver dragon scales
rPois   inf          c - +0 helmet
rElec   +            (no cloak)
rCorr   .            (no gloves)
SInv    .            (no boots)
Will    +....        e - amulet of reflection
Stlth   +            a - ring of protection from cold
HPRegen 0.25/turn    (no ring)
MPRegen 0.10/turn

%: reflection
@: no status effects
A: sickness immunity, AC +4, negative energy resistance 1, electricity
resistance, torment resistance 1, petrification resistance
a: no special abilities


You were on level 3 of the Dungeon.
You visited 1 branch of the dungeon, and saw 3 of its levels.

You collected 149 gold pieces.


Innate Abilities, Weirdness & Mutations

You are immune to sickness and miasma.
Your stone body is resilient. (AC +4)
You are immune to poison.
You resist negative energy. (rN+)
You are resistant to electric shocks. (rElec)
You are resistant to unholy torment.
You are immune to petrification.


   Skills:
 - Level 3.0 Fighting
 - Level 5.0 Ranged Weapons
 + Level 1.2 Armour
 - Level 1.5 Dodging
 - Level 1.0 Spellcasting
 - Level 2.6 Hexes


You had 5 spell levels left.
You knew the following spells:

 Your Spells              Type           Power      Damage    Failure   Level
a - Slow                  Hex            28%        N/A       22%         1

Your spell library contained the following spells:

 Spells                   Type           Power      Damage    Failure   Level
 Inner Flame              Hex/Fire       4%         N/A       73%         3
 Portal Projectile        Hex/Tloc       8%         N/A       73%         3
 Cause Fear               Hex            3%         N/A       91%         4

Inventory:

Hand Weapons
 Y - a +1 sling (weapon)
Armour
 c - a +0 helmet (worn)
 k - quicksilver dragon scales (worn)
 m - a +0 pair of gloves
Jewellery
 a - a ring of protection from cold (left hand)
 e - an amulet of reflection (around neck)
 i - a ring of fire
 l - a +6 ring of dexterity
 o - an amulet of magic regeneration
Scrolls
 d - a scroll of teleportation
 h - a scroll of identify
 j - a scroll of noise {unknown}
 n - a scroll of enchant armour {unknown}
Potions
 b - a potion of curing
 f - a potion of heal wounds {unknown}
 g - a potion of brilliance {unknown}
 p - 2 potions of mutation {unknown}
 q - a potion of cancellation {unknown}
 r - a potion of invisibility {unknown}
 s - a potion of magic {unknown}

Dungeon Overview and Level Annotations

Branches:
Dungeon (3/15)

Altars:
Dithmenos

Shops:
D:2 =

Annotations:
D:3 Natasha


Message History

Natasha, Servant of Life and Death comes into view.
Natasha hisses angrily.
Enter note:
Enter note:
Enter note:
Enter note:
Enter note:
Enter note: You shoot a sling bullet.
The sling bullet misses Natasha.
A kobold comes into view. It is wielding a +0 dagger.
A worm comes into view.
Natasha casts a spell.
You shoot a sling bullet. The sling bullet barely misses Natasha.
Natasha claws you. The cerulean imp barely misses you.
You shoot a sling bullet.
The sling bullet closely misses Natasha.
Natasha claws you but does no damage. The cerulean imp closely misses you.
You shoot a sling bullet. The sling bullet hits Natasha.
Natasha is lightly wounded.
Natasha howls an incantation.
Natasha glows brightly for a moment.
Natasha claws you but does no damage.
The cerulean imp hits you with a +1 spear.
You shoot a sling bullet. The sling bullet hits Natasha.
Natasha is moderately wounded.
Natasha claws you but does no damage. You block the cerulean imp's attack.
Natasha closely misses you. The cerulean imp barely misses you.
The worm bites you.
You shoot a sling bullet.
The sling bullet closely misses Natasha.
Natasha claws you. You block the cerulean imp's attack.
You shoot a sling bullet. The sling bullet misses Natasha.
You block the kobold's attack. Natasha claws you. The worm bites you!
The cerulean imp hits you but does no damage.
You shoot a sling bullet. The sling bullet barely misses Natasha.
The kobold hits you but does no damage. Natasha casts a spell at you.
The magic dart hits you! You block the cerulean imp's attack.
The worm bites you!
You die...

#.............#
#.......).....#
####.............#
#.........[......'
#........#.......#
#........#.......#
#.....>.##.......#
#5......##.......#
#@......#........#
+.....hwK.....#........#
#....#........#.######.#
#... #........# #.# ###
#.#####'## #. .# #. # ..


You could see a worm, Natasha, a cerulean imp (summoned) and a kobold.

Vanquished Creatures
  A water moccasin (D:3)
  An orc priest (D:3)
  Natasha (D:3)
  An adder (D:3)
  A dart slug (D:2)
  2 orcs (D:3)
  3 bats
  4 endoplasms
  A giant cockroach (D:1)
  3 goblins
  6 hobgoblins
  2 jackals (D:3)
  3 quokkas
  3 ball pythons (D:1)
  5 frilled lizards
  5 kobolds
  3 rats
45 creatures vanquished.

Notes
Turn   | Place    | Note
-------+----------+-------------------------------------------
     0 | D:1      | qw the Gargoyle Hexslinger began the quest for the Orb.
     0 | D:1      | Reached XP level 1. HP: 12/12 MP: 2/2
     0 | D:1      | 0 ||| qw: Version: 0.3-a-46-gb1f654a
     0 | D:1      | 0 ||| qw: Game counter: 1416
     0 | D:1      | 0 ||| qw: Melee chars always use a shield: true
     0 | D:1      | 0 ||| qw: God list: Okawaru
     0 | D:1      | 0 ||| qw: Allow faded altars: false
     0 | D:1      | 0 ||| qw: Do Orc after clearing Dungeon:15 true
     0 | D:1      | 0 ||| qw: Do second Lair branch before Depths: true
     0 | D:1      | 0 ||| qw: Lair rune preference: random
     0 | D:1      | 0 ||| qw: Goals: Normal
     0 | D:1      | 0 ||| PLANNING D:1-11
   269 | D:1      | Reached XP level 2. HP: 16/16 MP: 3/3
   700 | D:1      | Reached skill level 3 in Ranged Weapons
   907 | D:1      | 907 ||| UPGRADING to +0 ring mail.
   917 | D:1      | 917 ||| DROPPING +0 robe.
   918 | D:1      | 918 ||| UPGRADING to quicksilver dragon scales.
   928 | D:1      | 928 ||| DROPPING +0 ring mail.
   929 | D:1      | 929 ||| UPGRADING to amulet of reflection.
   934 | D:1      | 934 ||| READING scroll labelled KUN VEYSITS.
   935 | D:1      | 935 ||| READING scroll labelled XOSE HATRI.
   938 | D:1      | 938 ||| READING scroll labelled MAMOAM YNUANTO.
   939 | D:1      | 939 ||| READING scroll labelled YDDAXZA LYWNO.
   940 | D:1      | 940 ||| DROPPING scroll of poison.
  1099 | D:2      | Reached skill level 1 in Armour
  1099 | D:2      | Reached XP level 3. HP: 20/20 MP: 4/4
  1193 | D:2      | Found a shadowy altar of Dithmenos.
  1541 | D:2      | Found a faded altar of an unknown god.
  1571 | D:2      | Found Mukhatia's Jewellery Shoppe.
  1574 | D:2      | 1574 ||| SHOPLISTING +5 ring of evasion (468 gold, have
                  | 149).
  1704 | D:2      | 1704 ||| UPGRADING to +0 helmet.
  1709 | D:2      | 1709 ||| UPGRADING to ring of protection from cold.
  1710 | D:2      | 1710 ||| READING scroll labelled XECHYU QETTYBB.
  1711 | D:2      | 1711 ||| READING scroll labelled YSHOHYK FOEWY.
  1712 | D:2      | 1712 ||| DRINKING 2 murky silvery potions.
  1895 | D:3      | Noticed Natasha
  1903 | D:3      | Killed Natasha
  1904 | D:3      | Reached XP level 4. HP: 22/26 MP: 5/5
  1963 | D:3      | Noticed a water moccasin
  1975 | D:3      | Killed a water moccasin
  1976 | D:3      | Reached skill level 5 in Ranged Weapons
  1976 | D:3      | Reached XP level 5. HP: 20/30 MP: 6/6
  2153 | D:3      | Reached skill level 3 in Fighting
  2172 | D:3      | Noticed Natasha
  2180 | D:3      | HP: 4/32 [Natasha/magic dart (8)]
  2180 | D:3      | Slain by a worm

Levels and vault maps discovered:
D:1:      dpeg_arrival_shrine, layout_loops_corners, serial_forest,
          infiniplex_forest_straight_3, infiniplex_forest_lined_room_2,
          infiniplex_forest_lined_2, infiniplex_forest_lined_corner,
          infiniplex_forest_zigzag_1, infiniplex_forest_lined_corner,
          grunt_decor_junction, minmay_shallow_snake_nest
D:2:      layout_basic, serial_shops, nicolae_shop_real_fake_doors,
          dreamdust_ecumenical_altar_hidden_monk_grotto, basic_altar,
          grunt_ministairs_13
D:3:      layout_basic, kennysheep_path_1, kennysheep_generic_room_3,
          uniq_natasha

Skill      XL: |  1  2  3  4  5 |
---------------+----------------+-----
Ranged Weapons | 3 5 |  5.0
Armour         | 1 |  1.2
Fighting       | 2 3 |  3.0
Dodging        | |  1.5
Spellcasting   | |  1.0
Hexes          | |  2.6

Action                     |  1- 3 |  4- 6 || total
---------------------------+-------+-------++-------
   Fire: Sling             |   132 |    56 ||   188
    Use: Scroll            |     6 |       ||     6
         Potion            |     1 |       ||     1
 Armour: Robe              |     6 |       ||     6
         Quicksilver drago |     8 |    16 ||    24
  Dodge: Dodged            |    32 |    14 ||    46
  Block: Other             |    11 |    15 ||    26
         Reflection        |     1 |       ||     1

Table legend:
 A = Non-vault XP
 B = Vault XP
 C = Vault XP percentage of total XP
 D = Non-vault monster count
 E = Vault monster count
 F = Vault count percentage of total count
                 A         B        C        D         E       F
            +---------+---------+-------+---------+---------+-------
      Total |     263 |      40 |  13.2 |      39 |       6 |  13.3
            +---------+---------+-------+---------+---------+-------
        D:1 |      21 |       3 |  12.5 |      13 |       2 |  13.3
        D:2 |      24 |       3 |  11.1 |      14 |       2 |  12.5
        D:3 |     218 |      34 |  13.5 |      12 |       2 |  14.3
            +---------+---------+-------+---------+---------+-------
